 Dungeon Crawl Stone Soup version 0.23.0 (webtiles) character file.

Game seed: 17243261768666373026

826 Infinimo the Slasher (level 7, 0/61 HPs)
             Began as a Minotaur Berserker on Feb 13, 2019.
             Was a Priest of Trog.
             Slain by an orc
             ... wielding a +1 flail of holy wrath
              (9 damage)
             ... on level 5 of the Dungeon.
             The game lasted 00:03:45 (3756 turns).

Infinimo the Slasher (Minotaur Berserker)           Turns: 3756, Time: 00:03:46

Health: 0/61       AC:  2    Str: 22    XL:     7   Next: 64%
Magic:  6/6        EV: 13    Int:  5    God:    Trog [***...]
Gold:   290        SH:  4    Dex: 10    Spells: 6/6 levels left

rFire    . . .     SeeInvis .   a - +0 falchion
rCold    . . .     Gourm    .   k - +0 buckler
rNeg     . . .     Faith    .   b - +0 animal skin
rPois    .         Spirit   .   (helmet restricted)
rElec    .         Reflect  .   (no cloak)
rCorr    .         Harm     .   (no gloves)
MR       .....                  (no boots)
Stlth    +.........             (no amulet)
HPRegen  0.20/turn              (no ring)
MPRegen  0.10/turn              (no ring)

@: lethally poisoned (0 -> -2), berserk cooldown, slowed, very slow
A: retaliatory headbutt, horns 2
a: Berserk, Trog's Hand, Renounce Religion


You were on level 5 of the Dungeon.
You worshipped Trog.
Trog was most pleased with you.
You were very hungry.

You visited 1 branch of the dungeon, and saw 5 of its levels.

You collected 290 gold pieces.

Inventory:

Hand Weapons
 a - a +0 falchion (weapon)
Armour
 b - a +0 animal skin (worn)
 k - a +0 buckler (worn)
Jewellery
 o - an uncursed ring of see invisible {unknown}
Scrolls
 d - a scroll of fear {unknown}
 e - 6 scrolls of identify {unknown}
 g - 3 scrolls of teleportation {unknown}
 h - a scroll of enchant armour {unknown}
 l - a scroll of remove curse {unknown}
 n - 2 scrolls of random uselessness {unknown}
 q - a scroll of enchant weapon {unknown}
Potions
 f - a potion of ambrosia {unknown}
 i - 2 potions of flight {unknown}
 j - a potion of curing {unknown}
 m - 2 potions of mutation {unknown}
 p - a potion of berserk rage {unknown}
 r - a potion of magic {unknown}
Comestibles
 c - 8 rations


   Skills:
 + Level 5.5 Fighting
 * Level 7.2 Long Blades
 + Level 4.8 Armour
 + Level 4.3 Dodging
 + Level 3.5 Shields


You had 6 spell levels left.
You didn't know any spells.
Your spell library was empty.

Dungeon Overview and Level Annotations

Branches:
Dungeon (5/15)
 Temple: D:4-7

Altars:
Dithmenos
Gozag
Kikubaaqudgha


Innate Abilities, Weirdness & Mutations

You reflexively headbutt those who attack you in melee.
You have a pair of horns on your head.


Message History

The gnoll hits you with a +0 club.
* * * LOW HITPOINT WARNING * * *
You furiously retaliate!
You headbutt the adder!
You kill the adder!
Trog accepts your kill.
The sentinel's mark upon you fades away.
You feel sick.
The gnoll hits you from afar with a +0 halberd.
* * * LOW HITPOINT WARNING * * *
The orc hits you with a +1 flail of holy wrath.
* * * LOW HITPOINT WARNING * * *
Okay, then.
You riposte.
The gnoll is moderately wounded.
You feel sick. You block the orc's attack.
You see here a +0 short sword.
There is a stone staircase leading up here.
You are feeling very hungry.
The orc hits you with a +1 flail of holy wrath!
You die...

. #†......5....#.....
#...####...##........
#.... #.....# ......
#########...###......
#..g#......>.
##g.#........
###.g........
#.##o).......
#..@.)..##.#.
##...[.## #.#...#
....#..# ##.#.....#
#####..## #.## ###


You could see a gnoll and an orc.

Vanquished Creatures
  An ogre (D:4)
  A centaur (D:5)
  A bullfrog (D:5)
  A howler monkey (D:4)
  2 hounds
  3 orc wizards
  5 orc priests (D:3)
  A centaur skeleton (D:4)
  A worker ant (D:4)
  Terence (D:3)
  6 adders
  A shadow imp (D:5)
  An ooze (D:3)
  2 adder skeletons (D:4)
  2 worms
  2 dart slugs (D:1)
  5 leopard geckos
  23 orcs
  9 bats
  3 giant cockroaches
  9 hobgoblins
  2 jackals (D:3)
  9 kobolds
  A quokka (D:3)
  A ball python (D:3)
  2 frilled lizards
  4 goblins
  4 rats
103 creatures vanquished.

Vanquished Creatures (others)
  A human (D:4)
1 creature vanquished.

Grand Total: 104 creatures vanquished

Notes
Turn   | Place    | Note
-------+----------+-------------------------------------------
     0 | D:1      | Infinimo the Minotaur Berserker began the quest for the
                  | Orb.
     0 | D:1      | Reached XP level 1. HP: 19/19 MP: 0/0
   316 | D:1      | Reached XP level 2. HP: 20/27 MP: 1/1
   396 | D:1      | Reached skill level 4 in Long Blades
   920 | D:2      | Reached XP level 3. HP: 33/33 MP: 2/2
  1243 | D:2      | Reached ** piety under Trog
  1787 | D:2      | Reached XP level 4. HP: 34/40 MP: 3/3
  1947 | D:3      | Reached skill level 1 in Shields
  2077 | D:3      | Reached skill level 5 in Long Blades
  2099 | D:3      | Noticed Terence
  2108 | D:3      | Killed Terence
  2108 | D:3      | Reached XP level 5. HP: 47/47 MP: 4/4
  2312 | D:3      | Reached XP level 6. HP: 53/53 MP: 5/5
  2374 | D:3      | Found a shadowy altar of Dithmenos.
  2747 | D:3      | Found a faded altar of an unknown god.
  2983 | D:4      | Reached skill level 5 in Fighting
  2983 | D:4      | Reached skill level 6 in Long Blades
  3082 | D:4      | Reached *** piety under Trog
  3136 | D:4      | Found an opulent altar of Gozag.
  3280 | D:4      | Reached XP level 7. HP: 58/61 MP: 6/6
  3282 | D:4      | Found an ancient bone altar of Kikubaaqudgha.
  3300 | D:4      | Noticed a human
  3301 | D:4      | Killed a human
  3532 | D:5      | Entered Level 5 of the Dungeon
  3740 | D:5      | Reached skill level 7 in Long Blades
  3756 | D:5      | Slain by an orc

Skill      XL: |  1  2  3  4  5  6  7 |
---------------+----------------------+-----
Long Blades    | 4 5 6 7 |  7.2
Fighting       | 4 5 |  5.5
Armour         | 3 4 |  4.8
Dodging        | 3 4 |  4.3
Shields        | 1 2 3 |  3.5

Action                   |  1- 3 |  4- 6 |  7- 9 || total
-------------------------+-------+-------+-------++-------
Melee: Falchion          |   103 |   108 |    38 ||   249
       Headbutt          |    13 |    18 |    12 ||    43
Invok: Berserk           |     2 |     6 |     2 ||    10
  Eat: Chunk             |     4 |    11 |     2 ||    17
Armor: Animal skin       |    16 |     9 |     5 ||    30
       Skin              |       |     3 |       ||     3
Dodge: Dodged            |    58 |    62 |    19 ||   139
Block: Buckler           |     3 |    19 |     6 ||    28
       Rpst.: Falchion   |    12 |    15 |     5 ||    32
